 Dungeon Crawl Stone Soup version 0.25.1-4-g9407a263a5 (webtiles) character file.

Game seed: 6563775491564020076

155 thewurscht the Chopper (level 5, -4/47 HPs)
             Began as a Hill Orc Monk on Nov 26, 2020.
             Killed from afar by an orc wizard (6 damage)
             ... with a magic dart
             ... on level 3 of the Dungeon.
             The game lasted 00:21:50 (3418 turns).

thewurscht the Chopper (Hill Orc Monk)              Turns: 3418, Time: 00:21:51

Health: -4/47      AC:  3    Str: 11    XL:     5   Next: 37%
Magic:  5/5        EV: 12    Int: 10    God:
Gold:   87         SH:  0    Dex: 13    Spells: 4/4 levels left

rFire    . . .     SeeInvis .   a - +0 hand axe
rCold    . . .     Gourm    .   (no shield)
rNeg     . . .     Faith    .   d - +0 leather armour (curse)
rPois    .         Spirit   .   (no helmet)
rElec    .         Reflect  .   (no cloak)
rCorr    .         Harm     .   (no gloves)
MR       .....                  (no boots)
Stlth    ++........             (no amulet)
HPRegen  0.15/turn              t - -4 ring of strength (curse)
MPRegen  0.09/turn              (no ring)

@: no status effects
A: no striking features
a: Convert to Beogh


You were on level 3 of the Dungeon.
You were not hungry.

You visited 1 branch of the dungeon, and saw 3 of its levels.

You collected 87 gold pieces.

Inventory:

Hand Weapons
 a - a +0 hand axe (weapon)
 e - a +0 club
 h - a +0 whip
 l - a +0 whip
 m - a +0 dagger
 n - a +0 whip
 p - a +0 club
 s - a +0 club
 u - a +0 dagger
 v - a +0 club
 y - a +0 club
 A - a +0 club
 B - a +0 short sword
 D - a +0 flail
 H - a +0 dagger
Missiles
 g - 78 stones (quivered)
Armour
 b - a +0 robe
 d - a cursed +0 leather armour (worn)
 k - a +0 leather armour
 o - a +0 robe
 w - a +0 animal skin
Jewellery
 t - a cursed -4 ring of strength (left hand)
Scrolls
 i - a scroll of random uselessness {unknown}
 j - a scroll of fear {unknown}
 q - 2 scrolls of fog {unknown}
 x - a scroll of remove curse {unknown}
 z - a scroll of identify {unknown}
 E - 2 scrolls of teleportation {unknown}
Potions
 f - a potion of magic {unknown}
 r - a potion of haste {unknown}
 C - a potion of might {unknown}
 F - a potion of mutation {unknown}
Comestibles
 c - a ration


   Skills:
 + Level 4.3 Fighting
 + Level 5.4 Axes
 + Level 0.3 Throwing
 + Level 2.1 Armour
 + Level 3.0 Dodging
 + Level 2.1 Stealth


You had 4 spell levels left.
You didn't know any spells.
Your spell library was empty.

Dungeon Overview and Level Annotations

Branches:
Dungeon (3/15)

Altars:
Elyvilon
Trog
Vehumet
Wu Jian
The Shining One

Annotations:
D:3 Terence


Message History

The orc is heavily wounded.
You hit the orc priest.
The orc priest shouts, "Surrender to Beogh and we'll let you live!"
You hit the orc wizard.
The orc priest looks encouraged for a moment.
The orc hits you.
The orc wizard mumbles some strange words.
The orc wizard seems to speed up.
The orc priest shouts, "Surrender to Beogh and we'll let you live!"
The orc wizard hits you but does no damage.
The orc wizard misses you.
The orc priest calls down the wrath of Beogh upon you.
Beogh smites you!
* * * LOW HITPOINT WARNING * * *
The orc priest calls upon Beogh to heal the orc.
The orc's wounds heal themselves!
The orc wizard misses you.
Terence the Incautious comes into view.
He is wielding a +1 short sword of flaming.
The orc wizard points at you and mumbles some strange words.
The magic dart hits you.
You die...

.>@ ##.# #. ... #.
#.# #.##'###### #.
###.........# #.#
#...........# #.#
#...@.....########.#
#.........#.....##.#
#....o....#.....##.#
#...o.....#.....##.##
#...o.....'.....+....
#.......†.#.....##.##
#.....)...#.....##.#
#.####)####.....##.#
#' #.....#.....##.#


You could see Terence (asleep), an orc priest, an orc wizard (fast) and an orc.

Vanquished Creatures
  A hound (D:2)
  A hound zombie (D:3)
  5 adders (D:2)
  An ooze (D:2)
  A worm (D:2)
  3 dart slugs
  A leopard gecko (D:1)
  2 orcs (D:3)
  4 giant cockroaches
  7 goblins
  7 hobgoblins
  3 jackals (D:3)
  4 bats
  3 frilled lizards (D:2)
  4 kobolds
  12 rats
59 creatures vanquished.

Notes
Turn   | Place    | Note
-------+----------+-------------------------------------------
     0 | D:1      | thewurscht the Hill Orc Monk began the quest for the Orb.
     0 | D:1      | Reached XP level 1. HP: 19/19 MP: 1/1
   481 | D:1      | Reached XP level 2. HP: 25/27 MP: 2/2
  1026 | D:2      | Reached skill level 1 in Armour
  1026 | D:2      | Reached XP level 3. HP: 32/33 MP: 3/3
  1123 | D:2      | Reached XP level 4. HP: 25/40 MP: 4/4
  1371 | D:2      | Reached skill level 5 in Axes
  1515 | D:2      | Found a glowing golden altar of the Shining One.
  1677 | D:2      | Found an ornate altar of the Wu Jian Council.
  2018 | D:2      | Found a bloodstained altar of Trog.
  2820 | D:3      | Reached XP level 5. HP: 42/46 MP: 5/5
  2927 | D:3      | Found a radiant altar of Vehumet.
  3308 | D:3      | Found a white marble altar of Elyvilon.
  3415 | D:3      | HP: 1/47 [orc priest/divine providence (14)]
  3418 | D:3      | Noticed Terence
  3418 | D:3      | Killed from afar by an orc wizard

Illustrated notes

Levels and vault maps discovered:
D:1:      minmay_arrival_glassed_features, layout_loops_ring
D:2:      layout_loops_corners, nicolae_overflow_hidden_temple,
          lemuel_crystal_altar, bloody_trog
D:3:      layout_basic, lemuel_round_altar, overflow_temple_1_default,
          uniq_terence

Skill      XL: |  1  2  3  4  5 |
---------------+----------------+-----
Fighting       | 4 |  4.3
Armour         | 1 2 |  2.1
Axes           | 5 |  5.4
Stealth        | 2 |  2.1
Dodging        | 3 |  3.0
Throwing       | |  0.3

Action                   |  1- 3 |  4- 6 || total
-------------------------+-------+-------++-------
Melee: Hand axe          |    62 |   182 ||   244
Throw: Stone             |       |    29 ||    29
 Stab: Sleeping          |     3 |     4 ||     7
  Eat: Chunk             |     1 |     7 ||     8
Armor: Leather armour    |    15 |    37 ||    52
Dodge: Dodged            |    40 |    96 ||   136
